 Dungeon Crawl Stone Soup version 0.30-a0-883-g5ad918d77d (webtiles) character file.

Game seed: 10226801825560264212

56 Firecrotchwizard the Chopper (level 3, -4/33 HPs)
             Began as a Hill Orc Berserker on Mar 17, 2023.
             Was a Believer of Trog.
             Slain by a gnoll
             ... wielding a +0 halberd
              (5 damage)
             ... on level 2 of the Dungeon.
             The game lasted 00:02:18 (1370 turns).

Firecrotchwizard the Chopper (Hill Orc Berserker)   Turns: 1370, Time: 00:02:19

Health: -4/33      AC:  3    Str: 21    XL:     3   Next: 97%
Magic:  3/3        EV: 11    Int:  7    God:    Trog [**....]
Gold:   98         SH:  0    Dex: 10    Spells: 2/2 levels left

rFire   . . .      SeeInvis .    a - +0 hand axe
rCold   . . .      Faith    .    (no shield)
rNeg    . . .      Spirit   .    b - +0 animal skin
rPois   .          Reflect  .    (no helmet)
rElec   .          Rampage  .    (no cloak)
rCorr   .                        (no gloves)
Will    .....                    g - +0 pair of boots
Stlth   +                        (no amulet)
HPRegen 0.25/turn                (no ring)
MPRegen 0.08/turn                (no ring)

@: on berserk cooldown, slowed, very slow
A: no striking features
a: Renounce Religion, Berserk, Trog's Hand


You were on level 2 of the Dungeon.
You worshipped Trog.
Trog was pleased with you.
You visited 1 branch of the dungeon, and saw 2 of its levels.

You collected 98 gold pieces.

Inventory:

Hand Weapons
 a - a +0 hand axe (weapon)
Missiles
 i - 11 poisoned darts
 s - 25 stones (quivered)
Armour
 b - a +0 animal skin (worn)
 g - a +0 pair of boots (worn)
   (You found it on level 1 of the Dungeon)
Scrolls
 c - 4 scrolls of identify {unknown}
 d - 2 scrolls of enchant weapon {unknown}
 f - a scroll of noise {unknown}
Potions
 e - a potion of haste {unknown}
 h - a potion of degeneration {unknown}


   Skills:
 + Level 4.2 Fighting
 * Level 5.3 Axes
 + Level 2.9 Armour
 - Level 1.5 Dodging


You had 2 spell levels left.
You didn't know any spells.
Your spell library was empty.

Dungeon Overview and Level Annotations

Branches:
Dungeon (2/15)

Altars:


Message History

You kill the ball python!
Trog accepts your kill.
c - 4 scrolls labelled VAS DU QIFIE (gained 1)
d - 2 scrolls labelled MEAC SIETZICH (gained 1)
You see here a ball python corpse.
Found a stone staircase leading down.
You now have 98 gold pieces (gained 3).
i - 11 poisoned darts (gained 6)
The bat hits you but does no damage. The bat closely misses you.
The bat barely misses you.
You slash the bat!
You kill the bat!
Trog accepts your kill.
You see here a bat corpse.
A goblin comes into view. It is wielding a +0 club.
The goblin shouts!
The goblin hits you but does no damage.
You closely miss the goblin. The goblin hits you with a +0 club.
A gnoll comes into view. It is wielding a +0 spear.
You take 1 damage, and have 32/33 hp.
You barely miss the goblin.
The gnoll shouts!
You hear an angry hiss.
The goblin completely misses you.
A gnoll comes into view. It is wielding a +0 spear.
You closely miss the goblin.
The gnoll shouts!
You hear a shout!
The goblin barely misses you. The gnoll barely misses you.
You slash the goblin!
You kill the goblin!
Trog accepts your kill. The gnoll closely misses you.
The gnoll hits you from afar with a +0 spear.
A frilled lizard comes into view.
You take 5 damage, and have 27/33 hp.
A red film seems to cover your vision as you go berserk!
You feel yourself moving faster!
You feel mighty!
The gnoll hits you from afar with a +0 spear.
You now have 44/49 hp.
You feel a strong urge to attack something.
The gnoll misses you.
The gnoll hits you from afar with a +0 spear.
You take 5 damage, and have 39/49 hp.
You closely miss the gnoll. You slash the gnoll! The gnoll barely misses you.
The gnoll hits you from afar with a +0 spear.
You take 4 damage, and have 35/49 hp.
You barely miss the gnoll. The gnoll closely misses you. x2
You closely miss the gnoll. You slash the gnoll!
You kill the gnoll!
Trog accepts your kill. The gnoll closely misses you.
The gnoll barely misses you.
Things that are here:
a +0 spear; a blue potion; a gnoll corpse You closely miss the gnoll.
You barely miss the gnoll. The gnoll barely misses you.
You barely miss the gnoll. The gnoll hits you with a +0 spear.
A gnoll comes into view. It is wielding a +0 halberd.
You take 2 damage, and have 34/49 hp.
You slash the gnoll! You closely miss the gnoll.
The gnoll hits you with a +0 spear.
You take 1 damage, and have 34/49 hp.
You barely miss the gnoll. The gnoll hits you with a +0 spear.
You take 6 damage, and have 28/49 hp.
You closely miss the gnoll. The gnoll hits you with a +0 spear.
You take 4 damage, and have 24/49 hp.
You hit the gnoll.
You kill the gnoll!
Trog accepts your kill.
The gnoll hits you from afar with a +0 halberd.
The frilled lizard bites you.
Things that are here:
a +0 spear; a gnoll corpse You take 7 damage, and have 17/49 hp.
You miss the frilled lizard.
You are no longer berserk.
You are exhausted.
You feel yourself slow down. The gnoll closely misses you.
The frilled lizard bites you but does no damage.
You now have 11/33 hp.
You hit the frilled lizard. The gnoll closely misses you.
The frilled lizard barely misses you.
You hit the frilled lizard.
You kill the frilled lizard!
Trog accepts your kill. The gnoll barely misses you.
The gnoll completely misses you. The gnoll hits you with a +0 halberd!
* * * LOW HITPOINT WARNING * * *
You see here a frilled lizard corpse.
You take 10 damage, and have 2/33 hp.
MASSIVE DAMAGE!!
You slash the gnoll! The gnoll barely misses you. The gnoll misses you.
You hit the gnoll but do no damage. The gnoll hits you with a +0 halberd.
* * * LOW HITPOINT WARNING * * *
You take 2 damage, and have 1/33 hp.
You hit the gnoll but do no damage. The gnoll hits you with a +0 halberd.
You die...

.# .# .# #.#####..
#######
###....?...
.......#########
#.# #...).....g##
#.# ...
#.#.######@## #.#
..$ # #)# #.# #^#
#)# #.# #.# #.#
#.###.####
#.#######..##.....
#.##....#.........
#..####.#.........
##..#...#######..#
##.#.#.........>.


You could see a gnoll.

Vanquished Creatures
  2 gnolls (D:2)
  2 dart slugs (D:1)
  5 ball pythons
  5 bats
  3 endoplasms (D:1)
  A giant cockroach (D:1)
  4 hobgoblins (D:1)
  A quokka (D:1)
  2 frilled lizards
  2 goblins
  3 kobolds
  4 rats
34 creatures vanquished.

Notes
Turn   | Place    | Note
-------+----------+-------------------------------------------
     0 | D:1      | Firecrotchwizard the Hill Orc Berserker began the quest for
                  | the Orb.
     0 | D:1      | Reached XP level 1. HP: 19/19 MP: 1/1
   219 | D:1      | Reached XP level 2. HP: 26/27 MP: 2/2
   524 | D:1      | Reached ** piety under Trog
   560 | D:1      | Reached skill level 4 in Fighting
   560 | D:1      | Reached XP level 3. HP: 28/33 MP: 3/3
  1132 | D:2      | Reached skill level 5 in Axes
  1367 | D:2      | HP: 2/33 [gnoll/+0 halberd (10)]
  1370 | D:2      | Slain by a gnoll

Illustrated notes

Levels and vault maps discovered:
D:1:      sevenhm_arrival_forest_fort_large_2, layout_basic,
          hangedman_decor_points, roderic_lattice_a, minmay_distorted
D:2:      layout_basic, serial_co_window_serial, co_window_corner_a,
          co_window_paths_a, co_window_paths_a, co_window_paths_a,
          co_window_paths_a, co_window_corner_a, co_window_paths_b,
          co_window_2corner, co_window_2corner, co_window_of_opportunity_b,
          co_window_4corner_b, co_window_sun, glass_columns_c, glass_columns_a,
          glass_columns_a, glass_columns_b, glass_columns_b

Skill      XL: |  1  2  3 |
---------------+----------+-----
Fighting       | 4 |  4.2
Axes           | 5 |  5.3
Armour         | |  2.9
Dodging        | |  1.5

Action                     || total
---------------------------++-------
  Melee: Hand axe          ||   113
 Invoke: Berserk           ||     1
 Armour: Animal skin       ||    35
  Dodge: Dodged            ||    79

Table legend: (Time is in decaauts)
 A = Elapsed time spent in this place.
 B = Non-inter-level travel time spent in this place.
 C = Inter-level travel time spent in this place.
 D = Time resting spent in this place.
 E = Time spent auto-exploring this place.
 F = Levels seen in this place.
 G = Mean time per level.
                   A        B        C        D        E       F      G
               +--------+--------+--------+--------+--------+-----+--------+
         Total |   1373 |   1338 |     35 |      0 |   1077 |   2 |  686.5 |
       Dungeon |   1373 |   1338 |     35 |      0 |   1077 |   2 |  686.5 |
               +--------+--------+--------+--------+--------+-----+--------+

Top non-repeatable levels by time:
     D:1: 1071 daAuts
     D:2: 302 daAuts

Table legend:
 A = Kills in this place as a percentage of kills in the entire game.
 B = Kills by you in this place as a percentage of kills by you in the entire game.
 C = Kills by friends in this place as a percentage of kills by friends in the entire game.
 D = Other kills in this place as a percentage of other kills in the entire game.
 E = Experience gained in this place as a percentage of experience gained in the entire game.
 F = Experience gained in this place divided by the number of levels of this place that you have seen.
                   A       B       C       D       E      F
               +-------+-------+-------+-------+-------+----------------------
         Total | 100.0 | 100.0 |   N/A |   N/A | 100.0 |  40.5
       Dungeon | 100.0 | 100.0 |   N/A |   N/A | 100.0 |  40.5
               +-------+-------+-------+-------+-------+----------------------
